 Dungeon Crawl Stone Soup version 0.29.0-5-ge4962eb29e (webtiles) character file.

Game seed: 1225400922669121001

1647 magipi the Cleaver (level 9, -2/68 HPs)
             Began as a Hill Orc Gladiator on Aug 30, 2022.
             Was an Initiate of Hepliaklqana.
             Slain by a two-headed ogre
             ... wielding a +0 giant club
              (6 damage)
             ... on level 7 of the Dungeon.
             The game lasted 00:14:41 (5590 turns).

magipi the Cleaver (Hill Orc Gladiator)             Turns: 5590, Time: 00:14:41

Health: -2/68      AC: 15    Str: 21    XL:     9   Next: 0%
Magic:  9/9        EV:  8    Int:  8    God:    Hepliaklqana [......]
Gold:   266        SH:  0    Dex: 12    Spells: 8/8 levels left

rFire   . . .      SeeInvis .   a - +0 battleaxe (elec)
rCold   . . .      Faith    .   (shield currently unavailable)
rNeg    . . .      Spirit   .   o - +0 chain mail
rPois   .          Reflect  .   c - +0 helmet
rElec   .          Harm     .   g - +2 cloak
rCorr   .          Rampage  .   (no gloves)
Will    .....                   A - +0 pair of boots
Stlth   ..........              (no amulet)
HPRegen 0.21/turn               (no ring)
MPRegen 0.11/turn               (no ring)

@: silenced
A: no striking features
a: Renounce Religion


You were on level 7 of the Dungeon.
You worshipped Hepliaklqana.
Hepliaklqana was noncommittal.
You visited 2 branches of the dungeon, and saw 8 of its levels.

You collected 266 gold pieces.

Inventory:

Hand Weapons
 a - a +0 battleaxe of electrocution (weapon)
 b - a +1 whip of electrocution
 w - a +0 hand axe of flaming
 C - a +0 war axe
Missiles
 e - a javelin
 l - 4 poisoned darts
 t - 3 throwing nets
 D - 3 boomerangs (quivered)
Armour
 c - a +0 helmet (worn)
 g - a +2 cloak (worn)
 o - a +0 chain mail (worn)
 A - a +0 pair of boots (worn)
Wands
 d - a wand of digging (7)
Scrolls
 f - 3 scrolls of poison
 j - a scroll of acquirement {unknown}
 m - a scroll of immolation {unknown}
 n - 2 scrolls of teleportation {unknown}
 s - 3 scrolls of identify {unknown}
 u - 2 scrolls of summoning {unknown}
 v - 4 scrolls of blinking {unknown}
 y - a scroll of brand weapon {unknown}
 B - a scroll of enchant weapon {unknown}
 H - a scroll of fear {unknown}
Potions
 i - 2 potions of flight {unknown}
 k - a potion of lignification {unknown}
 p - a potion of haste {unknown}
 q - a potion of heal wounds {unknown}
 r - a potion of mutation {unknown}
 x - 2 potions of resistance {unknown}
 z - a potion of invisibility {unknown}
 E - a potion of ambrosia {unknown}
 F - a potion of curing {unknown}
 G - a potion of attraction {unknown}
 I - a potion of cancellation {unknown}


   Skills:
 - Level 2.4 Fighting
 * Level 10.7 Axes
 + Level 5.3 Throwing
 + Level 5.4 Armour
 - Level 2.4 Dodging
 + Level 2.1 Evocations


You had 8 spell levels left.
You didn't know any spells.
Your spell library contained the following spells:

 Spells                   Type           Power      Damage    Failure   Level
 Shock                    Conj/Air       0%         1d3       98%         1
 Slow                     Hex            0%         N/A       98%         1
 Ensorcelled Hibernation  Hex/Ice        0%         N/A       99%         2
 Passwall                 Tmut/Erth      0%         N/A       99%         2
 Sublimation of Blood     Necr           0%         N/A       99%         2
 Wereblood                Tmut           0%         N/A       99%         2
 Call Canine Familiar     Summ           0%         N/A       100%        3
 Confusing Touch          Hex            0%         N/A       100%        3
 Portal Projectile        Hex/Tloc       0%         N/A       100%        3
 Spider Form              Tmut/Pois      0%         N/A       100%        3
 Swiftness                Air            0%         N/A       100%        3
 Vampiric Draining        Necr           0%         2d6       100%        3
 Airstrike                Air            0%         2d(0-16)  100%        4
 Anguish                  Hex/Necr       0%         N/A       100%        4
 Leda's Liquefaction      Hex/Erth       0%         N/A       100%        4
 Summon Hydra             Summ           0%         N/A       100%        7


Dungeon Overview and Level Annotations

Branches:
Dungeon (7/15)             Temple (1/1) D:5

Altars:
Ashenzari
Cheibriados
Elyvilon
Fedhas
Hepliaklqana
Kikubaaqudgha
Makhleb
Nemelex Xobeh
Qazlal
Ru
Trog
Uskayaw
Xom
Yredelemnul
Zin
The Shining One


Message History

You climb downwards.
The white imp shouts, "Slither away, thou canting common-kissing pignut!"
Found 3 stones.
There is a stone staircase leading up here.
A two-headed ogre and a jelly come into view.
Found a bubbling cyan potion.
The jelly quivers.
The white imp spits at you.
There is a stone staircase leading up here.
You slash the jelly!
Your hands burn!
The jelly is severely wounded.
The jelly hits you but does no damage. The jelly hits you.
You are splashed with acid!
The two-headed ogre hits you with a +0 giant club!!
The two-headed ogre hits you with a +0 giant spiked club!
* * * LOW HITPOINT WARNING * * *
Unknown command.
Unknown command.
Unknown command.
The air fills with toxic fumes!
As you read the scroll labelled ZEPNUAJIUMM, it crumbles to dust.
It was a scroll of poison.
The jelly barely misses you.
As you read the scroll labelled RILADE SIOZEQ, it crumbles to dust.
A profound silence engulfs you.
It was a scroll of silence.
The two-headed ogre closely misses you.
The two-headed ogre hits you with a +0 giant spiked club!
* * * LOW HITPOINT WARNING * * *
The jelly hits you but does no damage.
Magic scrolls do not work when you're silenced!
Unknown command.
Unknown command.
Really walk into that cloud of poison gas?
Okay, then.
Unknown command.
Unknown command.
You hit the two-headed ogre.
The two-headed ogre is lightly wounded.
You slash the jelly!
You kill the jelly!
The two-headed ogre hits you with a +0 giant club.
You die...

§§§§ §#
####§§§.§##
§§§§§§§.§§§
#§§§§§§.§§ .
§§§§§#§# ..
§§§§§## ...
#§O§§###§§.
#@§§§§§§§.
.#####.§§###§..
.......5§§§§§§..
...#.##§§§§§###.
# #§#§§§§§..
.§§§§§§§#.
##§§##8§§8# .§§
§§§.8 ...# .!##


You could see a two-headed ogre and a white imp (unsilenced).

Vanquished Creatures
  Grinder (D:3)
  A steam dragon (D:6)
  A sky beast (D:7)
  An ogre (D:5)
  2 centaurs
  A phantom (D:4)
  A necrophage (D:5)
  A scorpion (D:5)
  A howler monkey (D:4)
  6 jellies
  2 orc priests
  2 hounds (D:4)
  3 iguanas
  4 orc wizards
  10 gnolls
  8 adders
  3 shadow imps
  2 white imps (D:6)
  A worm (D:2)
  2 dart slugs (D:1)
  10 orcs
  5 ball pythons
  9 endoplasms
  2 giant cockroaches (D:4)
  7 goblins
  4 hobgoblins
  4 jackals (D:2)
  3 quokkas
  5 bats
  3 frilled lizards
  11 kobolds
  2 rats
118 creatures vanquished.

Notes
Turn   | Place    | Note
-------+----------+-------------------------------------------
     0 | D:1      | magipi the Hill Orc Gladiator began the quest for the Orb.
     0 | D:1      | Reached XP level 1. HP: 18/18 MP: 1/1
   238 | D:1      | Reached XP level 2. HP: 23/25 MP: 2/2
   834 | D:2      | Reached XP level 3. HP: 30/30 MP: 3/3
   963 | D:2      | Reached skill level 5 in Axes
  1361 | D:2      | Reached skill level 1 in Armour
  2078 | D:3      | Reached XP level 4. HP: 31/31 MP: 4/4
  2322 | D:3      | Found a snail-covered altar of Cheibriados.
  2329 | D:3      | Found a sparkling altar of Nemelex Xobeh.
  2329 | D:3      | Found an ancient bone altar of Kikubaaqudgha.
  2330 | D:3      | Found a blossoming altar of Fedhas.
  2332 | D:3      | Found a glowing silver altar of Zin.
  2332 | D:3      | Found a broken altar of Ashenzari.
  2333 | D:3      | Found a burning altar of Makhleb.
  2516 | D:2      | Reached XP level 5. HP: 27/40 MP: 5/5
  2523 | D:2      | Reached skill level 6 in Axes
  2706 | D:4      | Noticed Grinder
  2718 | D:3      | Killed Grinder
  2719 | D:3      | Reached skill level 7 in Axes
  2719 | D:3      | Reached XP level 6. HP: 18/50 MP: 6/6
  3074 | D:4      | Reached XP level 7. HP: 34/56 MP: 7/7
  3089 | D:4      | Reached skill level 8 in Axes
  3575 | D:5      | Entered Level 5 of the Dungeon
  4157 | D:5      | Reached skill level 9 in Axes
  4157 | D:5      | Reached XP level 8. HP: 54/62 MP: 8/8
  4258 | D:5      | Found a staircase to the Ecumenical Temple.
  4272 | Temple   | Entered the Ecumenical Temple
  4299 | Temple   | Became a worshipper of Hepliaklqana the Forgotten
  4968 | D:6      | Reached skill level 10 in Axes
  4968 | D:6      | Reached skill level 5 in Throwing
  4968 | D:6      | Reached skill level 5 in Armour
  4968 | D:6      | Reached skill level 1 in Evocations
  5528 | D:6      | Reached XP level 9. HP: 57/68 MP: 9/9
  5583 | D:7      | Noticed a two-headed ogre
  5590 | D:7      | Slain by a two-headed ogre

Illustrated notes

Levels and vault maps discovered:
D:1:      minmay_arrival_solitary_statue, layout_loops_ring
D:2:      layout_loops_corners, minivault_14, minmay_box_of_dots
D:3:      layout_rooms, grunt_temple_overflow_open
D:4:      layout_rooms, minivault_27, uniq_grinder
D:5:      layout_loops_ring, temple_green, corexii_checkpoint_b
D:6:      layout_rooms, minivault_1, hangedman_minor_gate_pass
D:7:      layout_rooms, minitemple
Temple:   nicolae_temple_ecumenical_triangle

Skill      XL: |  1  2  3  4  5  6  7  8 |
---------------+-------------------------+-----
Throwing       | 2 3 4 5 |  5.3
Axes           | 5 7 9 10 | 10.7
Armour         | 1 3 4 5 |  5.4
Evocations     | 2 |  2.1
Fighting       | |  2.4
Dodging        | |  2.4

Action                   |  1- 3 |  4- 6 |  7- 9 || total
-------------------------+-------+-------+-------++-------
Melee: War axe           |   117 |    97 |    39 ||   253
       Battleaxe         |       |       |    97 ||    97
       Punch             |       |       |     2 ||     2
Throw: Throwing net      |     2 |     1 |       ||     3
       Boomerang         |       |       |    11 ||    11
  Use: Scroll            |       |       |     2 ||     2
 Stab: Sleeping          |     1 |       |       ||     1
Armor: Leather armour    |    17 |       |       ||    17
       Chain mail        |    45 |    69 |    82 ||   196
       Ring mail         |     5 |       |       ||     5
Dodge: Dodged            |    60 |    34 |    75 ||   169
